TOP OF THE 1ST |
Butler HS Golden Tornado batting - Pitching for Jackson HS Swamp Bats : RHP Eric McCray
|
Pitching: RHP Eric McCray
|
|
Batting: LHB Byron McIlmoyle
|
0-0: Called Strike 0-1: Ball 1-1: SINGLE (Line Drive, 6MD)
|
Batting: RHB Keith Gamble
|
0-0: Ball 1-0: Ball 2-0: Foul Ball, location: 2F 2-1: Foul Ball, location: 2F 2-2: Ball 3-2: DOUBLE (Flyball, 89M) Byron McIlmoyle to third
|
Batting: RHB Mike Morton
|
0-0: Ball 1-0: Swinging Strike 1-1: Reached on error, E6 (Groundball, 56) Byron McIlmoyle scores Keith Gamble to third
|
Batting: LHB Joe Vásquez
|
0-0: Grounds into double play, 1-6-3 (Groundball, 15)
|
Batting: RHB Daniel Quintana
|
0-0: Ball 1-0: Foul Ball, location: 2F 1-1: Ball 2-1: Swinging Strike 2-2: SINGLE (Line Drive, 4MD) Keith Gamble scores
|
Batting: LHB Curtis Hudson
|
0-0: Called Strike 0-1: Swinging Strike 0-2: Ball 1-2: Strikes out swinging
|
Top of the 1st over - 2 run(s), 3 hit(s), 1 error(s), 1 left on base; Butler HS 2 - Jackson HS 0 |
BOTTOM OF THE 1ST |
Jackson HS Swamp Bats batting - Pitching for Butler HS Golden Tornado : RHP Dewey Jackson
|
Pitching: RHP Dewey Jackson
|
|
Batting: RHB Dennis Curran
|
0-0: Called Strike 0-1: Ball 1-1: Hit by Pitch
|
Batting: RHB Anthony O'Bryan
|
0-0: Ball 1-0: Ball 2-0: Ball 3-0: Foul Ball, location: 2F 3-1: Called Strike 3-2: Fielders Choice at 2nd, 2-6 (Groundball, 2R)
|
Batting: LHB Brad Fuller
|
0-0: Reached on error, E5 (Groundball, 5) Anthony O'Bryan to second
|
Batting: LHB Carlos Anaya
|
0-0: Called Strike 0-1: Swinging Strike 0-2: Strikes out swinging
|
Batting: RHB Brandon Davis
|
0-0: Ball 1-0: Ball 2-0: Ball 3-0: Called Strike 3-1: Foul Ball, location: 2F 3-2: Base on Balls Anthony O'Bryan to third Brad Fuller to second
|
Batting: RHB Ron Frost
|
0-0: Swinging Strike 0-1: Fly out, F8 (Flyball, 8RM)
|
Bottom of the 1st over - 0 run(s), 0 hit(s), 1 error(s), 3 left on base; Butler HS 2 - Jackson HS 0 |
TOP OF THE 2ND |
Butler HS Golden Tornado batting - Pitching for Jackson HS Swamp Bats : RHP Eric McCray
|
Batting: SHB Myles Hopkins
|
0-0: Ball 1-0: Fly out, F8 (Flyball, 8RM)
|
Batting: RHB Warren Thornton
|
0-0: Ball 1-0: Foul Ball, location: 2F 1-1: SINGLE (Line Drive, 56)
|
Batting: LHB Juan Díaz
|
0-0: Called Strike 0-1: Ball 1-1: Foul Ball, location: 2F 1-2: Foul Ball, location: 2F 1-2: Ball 2-2: Ball 3-2: Grounds into double play, 4-6-3 (Groundball, 4)
|
Top of the 2nd over - 0 run(s), 1 hit(s), 0 error(s), 0 left on base; Butler HS 2 - Jackson HS 0 |
BOTTOM OF THE 2ND |
Jackson HS Swamp Bats batting - Pitching for Butler HS Golden Tornado : RHP Dewey Jackson
|
Batting: LHB Joe Davis
|
0-0: Called Strike 0-1: Fly out, F9 (Flyball, 89M)
|
Batting: RHB Russell Ferguson
|
0-0: Foul Ball, location: 2F 0-1: Called Strike 0-2: Fly out, F9 (Flyball, 89M)
|
Batting: SHB Luis Romero
|
0-0: Ball 1-0: Ball 2-0: Called Strike 2-1: Called Strike 2-2: Strikes out swinging
|
Bottom of the 2nd over - 0 run(s), 0 hit(s), 0 error(s), 0 left on base; Butler HS 2 - Jackson HS 0 |
TOP OF THE 3RD |
Butler HS Golden Tornado batting - Pitching for Jackson HS Swamp Bats : RHP Eric McCray
|
Batting: LHB Byron McIlmoyle
|
0-0: Foul Ball, location: 2F 0-1: Called Strike 0-2: Foul Ball, location: 2F 0-2: Hit by Pitch
|
Batting: RHB Keith Gamble
|
0-0: Foul Ball, location: 2F 0-1: Fly out, F4 (Popup, 4MD)
|
Batting: RHB Mike Morton
|
0-0: Ball 1-0: Ball 2-0: SINGLE (Flyball, 8LS) Byron McIlmoyle to second
|
Batting: LHB Joe Vásquez
|
0-0: Ball 1-0: Ball Byron McIlmoyle is caught stealing 3rd base Mike Morton to second 2-0: Foul Ball, location: 2F 2-1: SINGLE (Groundball, 3D) Mike Morton to third Runner from 3rd tries for Home, SAFE, no throw or cutoff
|
Batting: RHB Daniel Quintana
|
0-0: Fly out, F8 (Line Drive, 78M)
|
Top of the 3rd over - 1 run(s), 2 hit(s), 0 error(s), 1 left on base; Butler HS 3 - Jackson HS 0 |
BOTTOM OF THE 3RD |
Jackson HS Swamp Bats batting - Pitching for Butler HS Golden Tornado : RHP Dewey Jackson
|
Batting: RHB Dennis Curran
|
0-0: Foul Ball, location: 2F 0-1: Foul Ball, location: 2F 0-2: Ball 1-2: Ball 2-2: Foul Ball, location: 2F 2-2: Foul Ball, location: 2F 2-2: Strikes out swinging
|
Batting: RHB Anthony O'Bryan
|
0-0: Ball 1-0: Called Strike 1-1: Ball 2-1: Fly out, F7 (Flyball, 78S)
|
Batting: LHB Brad Fuller
|
0-0: Swinging Strike 0-1: Ground out 5-3 (Groundball, 5L)
|
Bottom of the 3rd over - 0 run(s), 0 hit(s), 0 error(s), 0 left on base; Butler HS 3 - Jackson HS 0 |
TOP OF THE 4TH |
Butler HS Golden Tornado batting - Pitching for Jackson HS Swamp Bats : RHP Eric McCray
|
Batting: LHB Curtis Hudson
|
0-0: Called Strike 0-1: Called Strike 0-2: Ball 1-2: Foul Ball, location: 2F 1-2: Ball 2-2: Foul Ball, location: 2F 2-2: Strikes out swinging
|
Batting: SHB Myles Hopkins
|
0-0: Ball 1-0: Called Strike 1-1: Swinging Strike 1-2: Ground out 4-3 (Groundball, 4M)
|
Batting: RHB Warren Thornton
|
0-0: Fly out, F5 (Line Drive, 56)
|
Top of the 4th over - 0 run(s), 0 hit(s), 0 error(s), 0 left on base; Butler HS 3 - Jackson HS 0 |
BOTTOM OF THE 4TH |
Jackson HS Swamp Bats batting - Pitching for Butler HS Golden Tornado : RHP Dewey Jackson
|
Batting: LHB Carlos Anaya
|
0-0: Ball 1-0: Ball 2-0: Ball 3-0: Called Strike 3-1: SINGLE (Line Drive, 9S)
|
Batting: RHB Brandon Davis
|
0-0: Ball 1-0: Foul Ball, location: 2F 1-1: Ball 2-1: Ball 3-1: Base on Balls Carlos Anaya to second
|
Batting: RHB Ron Frost
|
0-0: Foul Ball, location: 2F 0-1: SINGLE (Groundball, 34S) Carlos Anaya to third Brandon Davis to second Runner from 3rd tries for Home, SAFE, throw made home Brandon Davis to third Ron Frost to second
|
Batting: LHB Joe Davis
|
0-0: Called Strike 0-1: Foul Ball, location: 2F 0-2: Ball 1-2: Ground out U3 (Groundball, 3L)
|
Batting: RHB Russell Ferguson
|
0-0: Foul Ball, location: 2F 0-1: Ball 1-1: Foul Ball, location: 2F 1-2: Ball 2-2: Ball 3-2: Base on Balls
|
Batting: SHB Luis Romero
|
0-0: Ball 1-0: SINGLE (Groundball, 3D) Brandon Davis scores Ron Frost to third Russell Ferguson to second Runner from 3rd tries for Home, SAFE, no throw or cutoff
|
Batting: RHB Dennis Curran
|
0-0: Ball 1-0: Called Strike 1-1: Ball 2-1: SINGLE (Groundball, 56D) Russell Ferguson to third Luis Romero to second
|
Batting: RHB Anthony O'Bryan
|
0-0: Called Strike 0-1: Foul Ball, location: 2F 0-2: Fly out, F9 (Line Drive, 9M) Runner from 3rd tags up, SCORES, throw made
|
Batting: LHB Brad Fuller
|
0-0: Called Strike 0-1: Ball 1-1: Foul Ball, location: 2F 1-2: Ball 2-2: Fielders Choice at 2nd, U6 (Groundball, 6M)
|
Bottom of the 4th over - 4 run(s), 4 hit(s), 0 error(s), 2 left on base; Butler HS 3 - Jackson HS 4 |
TOP OF THE 5TH |
Butler HS Golden Tornado batting - Pitching for Jackson HS Swamp Bats : RHP Eric McCray
|
Batting: LHB Juan Díaz
|
0-0: Ball 1-0: Ball 2-0: Fly out, F8 (Flyball, 8LD)
|
Batting: LHB Byron McIlmoyle
|
0-0: Ground out 4-3 (Groundball, 4M)
|
Batting: RHB Keith Gamble
|
0-0: Ball 1-0: Foul Ball, location: 2F 1-1: Foul Ball, location: 2F 1-2: Foul Ball, location: 2F 1-2: Ground out 1-3 (Groundball, 15S)
|
Top of the 5th over - 0 run(s), 0 hit(s), 0 error(s), 0 left on base; Butler HS 3 - Jackson HS 4 |
BOTTOM OF THE 5TH |
Jackson HS Swamp Bats batting - Pitching for Butler HS Golden Tornado : RHP Dewey Jackson
|
Pitching: LHP Pedro Infante
|
|
Batting: LHB Carlos Anaya
|
0-0: Fly out, F8 (Flyball, 8LM)
|
Batting: RHB Brandon Davis
|
0-0: Ball 1-0: Ball 2-0: Ball 3-0: Called Strike 3-1: Base on Balls
|
Batting: RHB Ron Frost
|
0-0: Foul Ball, location: 2F 0-1: Swinging Strike 0-2: Ball 1-2: Fly out, F9 (Flyball, 9M)
|
Batting: LHB Joe Davis
|
0-0: Ball Wild Pitch! Brandon Davis to second 1-0: Called Strike 1-1: Foul Ball, location: 2F 1-2: Ground out 4-3 (Groundball, 4M)
|
Bottom of the 5th over - 0 run(s), 0 hit(s), 0 error(s), 1 left on base; Butler HS 3 - Jackson HS 4 |
TOP OF THE 6TH |
Butler HS Golden Tornado batting - Pitching for Jackson HS Swamp Bats : RHP Eric McCray
|
Batting: RHB Mike Morton
|
0-0: Ball 1-0: Ball 2-0: DOUBLE (Line Drive, 7M)
|
Batting: LHB Joe Vásquez
|
0-0: Foul Ball, location: 2F 0-1: Ball 1-1: Ball 2-1: Foul Ball, location: 2F 2-2: Ball 3-2: Base on Balls
|
Batting: RHB Daniel Quintana
|
0-0: Foul Ball, location: 2F 0-1: Ball 1-1: Fly out, F9 (Flyball, 89M)
|
Pitching: LHP Chris Spence
|
|
Batting: LHB Curtis Hudson
|
0-0: Ball 1-0: SINGLE (Line Drive, 78S) Mike Morton to third Joe Vásquez to second
|
Batting: SHB Myles Hopkins
|
0-0: Called Strike 0-1: Ball 1-1: Foul Ball, location: 2F 1-2: Strikes out swinging
|
Batting: RHB Warren Thornton
|
0-0: Ball 1-0: Ball 2-0: Ball 3-0: Called Strike 3-1: Base on Balls Mike Morton scores Joe Vásquez to third Curtis Hudson to second
|
Batting: LHB Juan Díaz
|
0-0: Ball 1-0: Ball 2-0: Fly out, F5 (Popup, 5DF)
|
Top of the 6th over - 1 run(s), 2 hit(s), 0 error(s), 3 left on base; Butler HS 4 - Jackson HS 4 |
BOTTOM OF THE 6TH |
Jackson HS Swamp Bats batting - Pitching for Butler HS Golden Tornado : LHP Pedro Infante
|
Batting: RHB Russell Ferguson
|
0-0: Ball 1-0: Ground out 6-3 (Groundball, 6)
|
Batting: SHB Luis Romero
|
0-0: SINGLE (Line Drive, 78M)
|
Batting: RHB Dennis Curran
|
0-0: Ball 1-0: Ball 2-0: Ball 3-0: Called Strike 3-1: Called Strike 3-2: Foul Ball, location: 2F 3-2: 2-RUN HOME RUN (Flyball, 7D), Distance : 354 ft
|
Batting: RHB Anthony O'Bryan
|
0-0: Called Strike 0-1: Ball 1-1: Ball 2-1: Ball 3-1: Fly out, F4 (Popup, 4MD)
|
Batting: LHB Brad Fuller
|
0-0: Ball 1-0: Foul Ball, location: 2F 1-1: Foul Ball, location: 2F 1-2: Strikes out swinging
|
Bottom of the 6th over - 2 run(s), 2 hit(s), 0 error(s), 0 left on base; Butler HS 4 - Jackson HS 6 |
TOP OF THE 7TH |
Butler HS Golden Tornado batting - Pitching for Jackson HS Swamp Bats : LHP Chris Spence
|
Batting: LHB Byron McIlmoyle
|
0-0: Swinging Strike 0-1: Ball 1-1: Fly out, F3 (Line Drive, 3S)
|
Batting: RHB Keith Gamble
|
0-0: Swinging Strike 0-1: Ball 1-1: Called Strike 1-2: Ball 2-2: Fly out, F8 (Flyball, 8RM)
|
Batting: RHB Mike Morton
|
0-0: Swinging Strike 0-1: Ball 1-1: Swinging Strike 1-2: Ball 2-2: Foul Ball, location: 2F 2-2: Foul Ball, location: 2F 2-2: Strikes out looking
|
Top of the 7th over - 0 run(s), 0 hit(s), 0 error(s), 0 left on base; Butler HS 4 - Jackson HS 6 |
BOTTOM OF THE 7TH |
Jackson HS Swamp Bats batting - Pitching for Butler HS Golden Tornado : LHP Pedro Infante
|
Pitching: RHP Dave Cochran
|
|
Batting: LHB Carlos Anaya
|
0-0: Called Strike 0-1: Foul Ball, location: 2F 0-2: Ball 1-2: Ball 2-2: Ground out 4-3 (Groundball, 4M)
|
Batting: RHB Brandon Davis
|
0-0: Called Strike 0-1: Ball 1-1: Ball 2-1: Ball 3-1: Base on Balls
|
Batting: RHB Ron Frost
|
0-0: Called Strike 0-1: Ball 1-1: Ball 2-1: Swinging Strike 2-2: Strikes out swinging
|
Batting: LHB Joe Davis
|
0-0: Ball 1-0: Called Strike 1-1: Swinging Strike 1-2: Foul Ball, location: 2F 1-2: SINGLE (Flyball, 7S) Brandon Davis to second
|
Batting: RHB Russell Ferguson
|
0-0: Ball 1-0: Ball 2-0: Swinging Strike 2-1: Swinging Strike 2-2: Strikes out swinging
|
Bottom of the 7th over - 0 run(s), 1 hit(s), 0 error(s), 2 left on base; Butler HS 4 - Jackson HS 6 |
TOP OF THE 8TH |
Butler HS Golden Tornado batting - Pitching for Jackson HS Swamp Bats : LHP Chris Spence
|
Now at C: Brendon Bachman
|
|
Batting: LHB Joe Vásquez
|
0-0: Called Strike 0-1: Fly out, F5 (Popup, 5SF)
|
Pitching: RHP John Clark
|
|
Batting: RHB Daniel Quintana
|
0-0: Ball 1-0: Called Strike 1-1: Foul Ball, location: 2F 1-2: Ball 2-2: Strikes out swinging
|
Batting: LHB Curtis Hudson
|
0-0: Ball 1-0: Ball 2-0: Called Strike 2-1: Ball 3-1: Foul Ball, location: 2F 3-2: Ground out 4-3 (Groundball, 4)
|
Top of the 8th over - 0 run(s), 0 hit(s), 0 error(s), 0 left on base; Butler HS 4 - Jackson HS 6 |
BOTTOM OF THE 8TH |
Jackson HS Swamp Bats batting - Pitching for Butler HS Golden Tornado : RHP Dave Cochran
|
Batting: SHB Luis Romero
|
0-0: Called Strike 0-1: Foul Ball, location: 2F 0-2: Strikes out swinging
|
Batting: RHB Dennis Curran
|
0-0: Ball 1-0: Ball 2-0: Ball 3-0: Base on Balls
|
Batting: RHB Anthony O'Bryan
|
0-0: Ball 1-0: Foul Ball, location: 2F 1-1: Ball 2-1: Swinging Strike 2-2: Strikes out swinging
|
Batting: LHB Brad Fuller
|
0-0: Ball 1-0: Foul Ball, location: 2F 1-1: Ball Dennis Curran steals 2nd base 2-1: Ball 3-1: Base on Balls
|
Batting: LHB Carlos Anaya
|
0-0: Swinging Strike 0-1: Ball 1-1: Foul Ball, location: 2F 1-2: Strikes out swinging
|
Bottom of the 8th over - 0 run(s), 0 hit(s), 0 error(s), 2 left on base; Butler HS 4 - Jackson HS 6 |
TOP OF THE 9TH |
Butler HS Golden Tornado batting - Pitching for Jackson HS Swamp Bats : RHP John Clark
|
Pitching: RHP Tim Forrest
|
|
Batting: SHB Myles Hopkins
|
0-0: Fly out, F5 (Popup, 5F)
|
Batting: RHB Warren Thornton
|
0-0: SINGLE (Line Drive, 89M)
|
Batting: LHB Juan Díaz
|
0-0: Ball 1-0: Fly out, F7 (Flyball, 78M)
|
Batting: LHB Byron McIlmoyle
|
0-0: Called Strike 0-1: Ball 1-1: Called Strike 1-2: Fly out, F7 (Flyball, 78M)
|
Top of the 9th over - 0 run(s), 1 hit(s), 0 error(s), 1 left on base; Butler HS 4 - Jackson HS 6 |
|